 Dungeon Crawl Stone Soup version 0.30-a0-840-ga523dec638 (webtiles) character file.

Game seed: 200433608817947641

3453 KarmaKiller the Fighter (level 10, 0/67 HPs)
             Began as a Gargoyle Berserker on Mar 1, 2023.
             Was a Believer of Trog.
             Slain by a gargoyle
             ... wielding a +0 mace
              (11 damage)
             ... on level 8 of the Dungeon.
             The game lasted 00:40:44 (7550 turns).

KarmaKiller the Fighter (Gargoyle Berserker)        Turns: 7550, Time: 00:40:44

Health: 0/67       AC: 20    Str: 26    XL:     10   Next: 6%
Magic:  10/10      EV:  9    Int:  7    God:    Trog [**....]
Gold:   331        SH:  0    Dex:  9    Spells: 9/9 levels left

rFire   . . .      SeeInvis .    y - +1 bardiche (venom)
rCold   + . .      Faith    .    (shield currently unavailable)
rNeg    + . .      Spirit   .    F - +0 chain mail
rPois   ∞          Reflect  .    u - +0 helmet
rElec   +          Harm     .    z - +0 cloak
rCorr   +          Rampage  .    (no gloves)
Will    .....                    (no boots) Stlth
                                 m - amulet of the acrobat
HPRegen 0.31/turn                a - ring of protection from cold
MPRegen 0.12/turn                i - ring of resist corrosion

@: confused, ambrosia-drunk
A: sickness immunity, AC +7, negative energy resistance 1, electricity
resistance, torment resistance 1, petrification resistance
a: Renounce Religion, Berserk, Trog's Hand


You were on level 8 of the Dungeon.
You worshipped Trog.
Trog was pleased with you.
You visited 1 branch of the dungeon, and saw 8 of its levels.

You collected 331 gold pieces.

Inventory:

Hand Weapons
 y - a +1 bardiche of venom (weapon)
 A - a +1 spear of freezing
 E - a +3 dire flail
Missiles
 C - 2 throwing nets (quivered)
Armour
 u - a +0 helmet (worn)
 z - a +0 cloak (worn)
 F - a +0 chain mail (worn)
Jewellery
 a - a ring of protection from cold (left hand)
 i - a ring of resist corrosion (right hand)
 m - an amulet of the acrobat (around neck)
Wands
 h - a wand of iceblast (4)
 q - a wand of quicksilver (12)
 v - a wand of digging (9)
 D - a wand of flame (3)
 G - a wand of polymorph (6)
Scrolls
 d - a scroll of butterflies
 e - 4 scrolls of noise
 o - a scroll of brand weapon
 B - 2 scrolls of immolation
Potions
 f - 3 potions of brilliance
 g - 2 potions of mutation {unknown}
 j - a potion of haste {unknown}
 k - a potion of might {unknown}
 l - 2 potions of attraction {unknown}
 p - 2 potions of curing
 s - 2 potions of cancellation
 w - 2 potions of magic
 x - a potion of flight {unknown}


   Skills:
 + Level 9.7 Fighting
 + Level 6.7 Long Blades
 + Level 5.8 Polearms
 + Level 8.3 Armour
 + Level 3.6 Dodging
 + Level 2.1 Stealth
 + Level 3.3 Unarmed Combat


You had 9 spell levels left.
You didn't know any spells.
Your spell library was empty.

Dungeon Overview and Level Annotations

Branches:
Dungeon (8/15)             Temple (0/1) D:4
   Lair: D:8-11

Altars:
Elyvilon
Fedhas
Gozag
Trog

Annotations:
D:6 2 transporters, DiggyJ's ghost, novice HOFi


Innate Abilities, Weirdness & Mutations

You are immune to sickness and miasma.
Your stone body is resilient. (AC +7)
You are immune to poison.
You resist negative energy. (rN+)
You are resistant to electric shocks. (rElec)
You are resistant to unholy torment.
You are immune to petrification.


Message History

Aim: a gargoyle, wielding a +0 mace (not susceptible)
Okay, then.
You are confused.
You feel invigorated.
You feel yourself speed up. The gargoyle hits you with a +0 mace!
* * * LOW HITPOINT WARNING * * *
The gargoyle hurls a stone arrow at you.
The stone arrow hits you.
* * * LOW HITPOINT WARNING * * *
You bump into the rock wall.
The gargoyle barely misses you.
You're too confused to move!
The gargoyle hits you but does no damage.
You hit the gargoyle but do no damage.
You feel less invigorated.
You feel less confused. The gargoyle hits you with a +0 mace.
You hit the gargoyle but do no damage.
You feel the effects of Trog's Hand fading.
The gargoyle hits you with a +0 mace.
* * * LOW HITPOINT WARNING * * *
The gargoyle hurls a stone arrow at you.
The stone arrow hits you but does no damage.
You hit the gargoyle.
The gargoyle is lightly damaged.
The gargoyle hurls a stone arrow at you.
The stone arrow hits you!
* * * LOW HITPOINT WARNING * * *
You hit the gargoyle but do no damage.
The gargoyle is lightly damaged.
The gargoyle hits you with a +0 mace.
* * * LOW HITPOINT WARNING * * *
The gargoyle hits you with a +0 mace!
* * * LOW HITPOINT WARNING * * *
You are confused.
You feel invigorated.
You recover from your berserk rage.
Your skin stops crawling.
You feel less strong-willed.
The gargoyle hits you but does no damage.
You bump into the rock wall.
The gargoyle hits you with a +0 mace!
You die...

.........#
#........#
#........#
#........#
.........#
>....>..
#...###########
#.#....9@....<#
#†.##.########
##†...#
....:..##..#
####.##....# #
#.....#
#.#...## #
..### .##


You could see a gargoyle.

Vanquished Creatures
  A hornet (D:7)
  A slime creature (D:8)
  A shadow (D:8)
  A yak (D:8)
  The ghost of cforsyth the Sneak, an amateur KoBr (D:3)
  A sky beast (D:6)
  2 black bears
  A phantom (D:7)
  A kobold brigand (D:7)
  4 bullfrogs
  3 necrophages
  4 scorpions
  5 wights (D:6)
  5 killer bees
  3 howler monkeys
  4 hounds
  3 jellies
  3 orc priests (D:4)
  3 gnoll boudas
  4 iguanas
  4 orc wizards
  7 adders
  17 gnolls
  A shadow imp (D:7)
  A white imp (D:6)
  An ufetubus (D:6)
  A worm (D:2)
  A dart slug (D:1)
  18 orcs
  4 ball pythons
  6 endoplasms
  2 giant cockroaches
  6 goblins
  6 hobgoblins
  5 jackals
  14 kobolds
  4 quokkas
  8 bats
  5 frilled lizards
  10 rats
172 creatures vanquished.

Vanquished Creatures (others)
  8 plants
8 creatures vanquished.

Grand Total: 180 creatures vanquished

Notes
Turn   | Place    | Note
-------+----------+-------------------------------------------
     0 | D:1      | KarmaKiller the Gargoyle Berserker began the quest for the
                  | Orb.
     0 | D:1      | Reached XP level 1. HP: 14/14 MP: 1/1
    23 | D:1      | Found a faded altar of an unknown god.
    91 | D:1      | Reached XP level 2. HP: 15/19 MP: 2/2
   757 | D:1      | Reached XP level 3. HP: 23/23 MP: 3/3
  1115 | D:2      | Reached skill level 1 in Long Blades
  1398 | D:2      | Reached XP level 4. HP: 29/29 MP: 4/4
  1408 | D:2      | Reached skill level 4 in Fighting
  1650 | D:2      | Reached skill level 8 in Fighting
  1650 | D:2      | Reached XP level 5. HP: 39/39 MP: 5/5
  1929 | D:2      | Reached ** piety under Trog
  2283 | D:3      | Reached skill level 1 in Stealth
  2333 | D:3      | Found a large runed translucent door.
  2334 | D:3      | Found a large runed translucent door.
  2351 | D:3      | Noticed cforsyth's ghost (amateur KoBr)
  2487 | D:3      | Killed cforsyth's ghost
  2488 | D:3      | Reached XP level 6. HP: 45/45 MP: 6/6
  2637 | D:3      | Identified the +1 robe "Somo" {rC+}
  3072 | D:4      | Reached XP level 7. HP: 28/50 MP: 7/7
  3389 | D:4      | Reached skill level 1 in Polearms
  3425 | D:4      | Found a staircase to the Ecumenical Temple.
  4028 | D:4      | Found an opulent altar of Gozag.
  4044 | D:4      | Found a bloodstained altar of Trog.
  4370 | D:5      | Entered Level 5 of the Dungeon
  4461 | D:5      | Reached XP level 8. HP: 55/55 MP: 8/8
  5435 | D:6      | Reached skill level 9 in Fighting
  5464 | D:6      | Reached XP level 9. HP: 43/60 MP: 9/9
  5564 | D:6      | Noticed DiggyJ's ghost (novice HOFi)
  5670 | D:6      | Found a blossoming altar of Fedhas.
  6057 | D:6      | Found a transporter.
  6057 | D:6      | Found a transporter.
  6506 | D:7      | HP: 3/90 [killer bee (2)]
  6679 | D:6      | HP: 2/60 [killer bee (2)]
  7007 | D:7      | Noticed a hornet
  7022 | D:7      | Killed a hornet
  7216 | D:7      | Reached skill level 5 in Polearms
  7330 | D:7      | Found a white marble altar of Elyvilon.
  7529 | D:8      | Reached XP level 10. HP: 30/67 MP: 10/10
  7529 | D:8      | Noticed a gargoyle
  7548 | D:8      | HP: 3/67 [gargoyle/+0 mace (9)]
  7550 | D:8      | Slain by a gargoyle

Illustrated notes

Levels and vault maps discovered:
D:1:      eino_arrival_water_cross, layout_loops_ring,
          ebering_ecumenical_altar_box, minivault_23, minmay_misc_feat_hallway
D:2:      cheibrodos_helix_gallery, layout_loops_ring, st_stairs_14
D:3:      layout_rooms, ebering_ghost_disaster_area, hangedman_decor_growths
D:4:      layout_loops_ring, nicolae_overflow_squiral, temple_hall_moat,
          eino_tiny_chamber, chequers_serial_rivers_large_b
D:5:      layout_basic
D:6:      layout_cave_pools, fedhas_altar_4, gammafunk_ghost_gnarly_gnolls,
          grunt_ministairs_14
D:7:      layout_rooms, okawaru_humans, mainiacjoe_overflow_alcove_2, hex_large
D:8:      layout_basic, serial_shops, nicolae_lakefront_shop,
          minmay_manual_monstrance

Skill      XL: |  1  2  3  4  5  6  7  8  9 |
---------------+----------------------------+-----
Long Blades    | 1 6 |  6.7
Fighting       | 8 9 |  9.7
Dodging        | 2 3 |  3.6
Armour         | 7 8 |  8.3
Stealth        | 1 2 |  2.1
Polearms       | 2 4 5 |  5.8
Unarmed Combat | |  3.3

Action                     |  1- 3 |  4- 6 |  7- 9 | 10-12 || total
---------------------------+-------+-------+-------+-------++-------
  Melee: Falchion          |   124 |   178 |       |       ||   302
         Punch             |     2 |     4 |       |       ||     6
         Bardiche          |       |       |   321 |     7 ||   328
 Invoke: Berserk           |     7 |     3 |    13 |       ||    23
         Trog's Hand       |       |     1 |     3 |     1 ||     5
  Evoke: Wand              |       |       |     1 |       ||     1
    Use: Scroll            |     1 |     2 |    19 |       ||    22
         Potion            |       |     1 |     6 |     3 ||    10
   Stab: Sleeping          |     1 |       |       |       ||     1
         Invisible         |       |       |     2 |       ||     2
 Armour: Animal skin       |    68 |    11 |       |       ||    79
         Leather armour    |       |    25 |       |       ||    25
         Ring mail         |       |    27 |   385 |       ||   412
         Chain mail        |       |       |     9 |     6 ||    15
  Dodge: Dodged            |   112 |   103 |   547 |     3 ||   765

Table legend: (Time is in decaauts)
 A = Elapsed time spent in this place.
 B = Non-inter-level travel time spent in this place.
 C = Inter-level travel time spent in this place.
 D = Time resting spent in this place.
 E = Time spent auto-exploring this place.
 F = Levels seen in this place.
 G = Mean time per level.
                   A        B        C        D        E       F      G
               +--------+--------+--------+--------+--------+-----+--------+
         Total |   8014 |   8014 |      0 |   1188 |      0 |   8 | 1001.8 |
       Dungeon |   8014 |   8014 |      0 |   1188 |      0 |   8 | 1001.8 |
               +--------+--------+--------+--------+--------+-----+--------+

Top non-repeatable levels by time:
     D:4: 1617 daAuts
     D:6: 1362 daAuts
     D:2: 1141 daAuts
     D:1: 1082 daAuts
     D:5: 1031 daAuts
     D:7: 967 daAuts
     D:3: 744 daAuts
     D:8: 66 daAuts
